 Dungeon Crawl Stone Soup version 0.31-a0-149-g3fdcc5976a (webtiles) character file.

Game seed: 7280661499318976539

129241 hikkokomori the Fighter (level 16, -18/139 HPs)
             Began as a Demigod Gladiator on June 8, 2023.
             Shot with an arrow by a naga sharpshooter (20 damage)
             ... on level 2 of the Snake Pit.
             The game lasted 01:43:51 (28399 turns).

hikkokomori the Fighter (Demigod Gladiator)        Turns: 28399, Time: 01:43:56

Health: -18/139    AC: 26    Str: 16 (17) XL:     16   Next: 3%
Magic:  17/28      EV: 17    Int: 12      God:
Gold:   1084       SH:  7    Dex: 29 (30) Spells: 23/25 levels left

rFire   . . .        l - +1 short sword (vamp)
rCold   . . .        C - +0 buckler
rNeg    + . .        w - +6 scale mail of the Morning {rN+}
rPois   .            R - +1 helmet "Heofouli" {Int-2 Dex+3 SInv}
rElec   .            N - +0 cloak
rCorr   .            X - +0 pair of gloves
SInv    +            O - +2 pair of boots {Stlth+}
Will    +....        n - amulet of the acrobat
Stlth   ++++++++     z - +4 ring of protection
HPRegen 0.43/turn    g - ring of Shadows {Umbra +Inv Stlth+}
MPRegen 0.21/turn

%: acrobat
@: lethally poisoned (-18 -> -23), wereblooded (expiring), hasted, wreathed by
umbra, very quick
A: high MP 1, forlorn, divine attributes, deterioration 1, weak 1
a: Evoke Invisibility


You were on level 2 of the Snake Pit.
You visited 5 branches of the dungeon, and saw 24 of its levels.
You visited the Abyss 1 time.
You also visited: Sewer.

You collected 2314 gold pieces.
You spent 1230 gold pieces at shops.

Inventory:

Hand Weapons
 a - a +4 scimitar of flaming
 l - a +1 vampiric short sword (weapon)
 m - a +6 double sword
 W - the +9 rapier of Ziylirch {heavy, rPois Str+2 Dex+2 Stlth-}
   (You found it on level 9 of the Dungeon)

   Str:       It affects your strength (+2).
   Dex:       It affects your dexterity (+2).
   rPois:     It protects you from poison.
   Stlth:     It makes you less stealthy.
Missiles
 d - 3 throwing nets
 J - 8 curare-tipped darts
Armour
 w - the +6 scale mail of the Morning (worn) {rN+}
   (You found it on level 13 of the Dungeon)

   rN:        It protects you from negative energy.
 C - a +0 buckler (worn)
 M - the +7 plate armour of the Devil {Regen+ Slay+3}
   (You found it on level 9 of the Dungeon)

   Slay:      It affects your accuracy & damage with ranged weapons and melee
   (+3).
   Regen:     It increases your rate of health regeneration.
 N - a +0 cloak (worn)
 O - a +2 pair of boots of stealth (worn)
 R - the +1 helmet "Heofouli" (worn) {Int-2 Dex+3 SInv}
   (You found it on level 9 of the Dungeon)

   Int:       It affects your intelligence (-2).
   Dex:       It affects your dexterity (+3).
   SInv:      It lets you see invisible.
 X - a +0 pair of gloves (worn)
Magical Staves
 v - the staff of cold "Imadya" {rC+ rN+ Will+ Str+4 Int-3}
   (You found it on level 7 of the Dungeon)

   [staff of cold]

   Base accuracy: +5 Base damage: 5 Base attack delay: 1.2 This weapon's minimum
   attack delay (0.6) is reached at skill level 12.
   Str:       It affects your strength (+4).
   Int:       It affects your intelligence (-3).
   rC:        It protects you from cold.
   rN:        It protects you from negative energy.
   Will:      It increases your willpower.
   It falls into the 'Staves' category.
   It is a one-handed weapon.
Jewellery
 g - the ring of Shadows (right hand) {Umbra +Inv Stlth+}
   (You found it on level 2 of the Lair of Beasts)

   [ring of stealth]

   Umbra:     It surrounds you with an aura of shadow, increasing your stealth
   and reducing the accuracy of all others within it.
   +Inv:      It lets you turn invisible.
   Stlth:     It makes you more stealthy.
 n - an amulet of the acrobat (around neck)
 q - a ring of protection from fire
 s - a ring of flight
 z - a +4 ring of protection (left hand)
 K - the ring of Gularchue {Ice Str+4}
   (You found it on level 5 of the Lair of Beasts)

   [ring of ice]

   It enhances your ice magic.
   Str:       It affects your strength (+4).
   rF:        It makes you vulnerable to fire.
   rC:        It protects you from cold.
Wands
 p - a wand of iceblast (8)
 u - a wand of flame (71) (quivered)
 y - a wand of charming (13)
 Q - a wand of polymorph (7)
 U - a wand of mindburst (2)
Scrolls
 b - 3 scrolls of poison
 f - 4 scrolls of enchant armour
 h - 4 scrolls of butterflies
 j - 6 scrolls of teleportation
 k - 2 scrolls of fog
 r - 6 scrolls of magic mapping
 E - 4 scrolls of blinking
 T - 4 scrolls of fear
 Z - 2 scrolls of enchant weapon
Potions
 i - a potion of ambrosia
 o - 2 potions of invisibility
 B - 2 potions of heal wounds
 D - 5 potions of mutation
 F - a potion of haste
 H - 3 potions of attraction
 I - 6 potions of curing
 L - a potion of brilliance
 P - a potion of lignification
 S - a potion of cancellation
 V - 5 potions of magic
 Y - a potion of resistance
Miscellaneous
 e - a condenser vane (inert)
 A - a sack of spiders (inert)


   Skills:
 + Level 12.2 Fighting
 - Level 11.2(12.7) Short Blades
 + Level 9.6(11.9) Long Blades
 - Level 4.0 Throwing
 - Level 8.0 Armour
 - Level 8.6 Dodging
 + Level 8.5 Stealth
 - Level 5.6 Shields
 - Level 5.2 Spellcasting
 - Level 3.2 Necromancy
 - Level 7.4 Transmutations
 + Level 10.8 Evocations


You had 23 spell levels left.
You knew the following spells:

 Your Spells              Type           Power      Damage    Failure   Level
a - Wereblood             Tmut           21%        N/A       5%          2

Your spell library contained the following spells:

 Spells                   Type           Power      Damage    Failure   Level
 Beastly Appendage        Tmut           42%        N/A       3%          1
 Necrotise                Necr           40%        1d6       21%         1
 Kiss of Death            Conj/Necr      28%        2d7       36%         1
 Spider Form              Tmut/Pois      12%        N/A       43%         3
 Vampiric Draining        Necr           10%        2d6       52%         3
 Animate Dead             Necr           10%        N/A       89%         4
 Dispel Undead            Necr           10%        3d9       89%         4
 Confusing Touch          Hex            3%         N/A       92%         3
 Dazzling Flash           Conj/Hex       6%         N/A       92%         3
 Vhi's Electric Charge    Tloc/Air       6%         N/A       92%         3
 Volatile Blastmotes      Fire/Tloc      6%         2d10      92%         3
 Agony                    Necr           10%        N/A       99%         5
 Fulminant Prism          Conj/Hex       1%         3d5       100%        4
 Iskenderun's Mystic Bla  Conj/Tloc      3%         2d3       100%        4
 Manifold Assault         Tloc           3%         N/A       100%        4
 Summon Ice Beast         Ice/Summ       3%         N/A       100%        4
 Arcjolt                  Conj/Air       1%         1d11      100%        5
 Borgnjor's Vile Clutch   Necr/Erth      3%         N/A       100%        5
 Lee's Rapid Deconstruct  Erth           1%         3d4*      100%        5
 Silence                  Hex/Air        1%         N/A       100%        5
 Summon Mana Viper        Hex/Summ       3%         N/A       100%        5
 Death Channel            Necr           5%         N/A       100%        6
 Dispersal                Tloc           1%         N/A       100%        6
 Monstrous Menagerie      Summ           1%         N/A       100%        7
 Borgnjor's Revivificati  Necr           5%         N/A       100%        8
 Disjunction              Tloc           1%         N/A       100%        8
 Maxwell's Capacitive Co  Air            1%         ∞         100%        8
 Necromutation            Tmut/Necr      7%         N/A       100%        8
 Death's Door             Necr           5%         N/A       100%        9


Dungeon Overview and Level Annotations

Branches:
Dungeon (14/15)            Temple (0/1) D:4            Lair (5/5) D:8
  Swamp (0/4) Lair:3        Snake (2/4) Lair:3        Slime (0/5) Lair:5
    Orc (2/2) D:12            Elf (1/3) Orc:2        Vaults (0/5) D:13
  Sewer (visited)

Shops:
D:11 [   Orc:2 :!::

Annotations:
Snake:2 Agnes
Elf:1 2 runed translucent doors


Innate Abilities, Weirdness & Mutations

You have an increased reservoir of magic. (+10% MP)
You shall have no god before yourself.
Your divine heritage dramatically boosts your attributes as you level up.
Your body sometimes deteriorates upon taking damage.
You are weak. (Str -2)


Message History

The naga ritualist hits you but does no damage.
Unknown command.
You hit the naga sharpshooter.
You feel better.
The naga sharpshooter is moderately wounded.
The naga sharpshooter gestures wildly while chanting.
The naga sharpshooter magically shoots a bolt.
The bolt hits you!
* * * LOW HITPOINT WARNING * * *
The naga sharpshooter spits poison at you.
The splash of poison misses you.
Clouds of freezing vapour condense around you!
The condenser dries out!
Agnes is engulfed in freezing vapours.
The naga ritualist is engulfed in freezing vapours.
You block the naga ritualist's attack.
The naga sharpshooter is engulfed in freezing vapours.
The naga sharpshooter shoots an arrow.
You block the arrow.
Unknown command.
Unknown command.
Unknown command.
Unknown command.
You hit the naga sharpshooter.
The naga sharpshooter is moderately wounded.
You howl as the wereblood boils in your veins!
The naga ritualist is engulfed in freezing vapours.
The naga ritualist hits you but does no damage.
Unknown command.
You hit the naga sharpshooter but do no damage.
The naga sharpshooter is moderately wounded.
Agnes is engulfed in freezing vapours.
The naga sharpshooter spits poison at you.
The splash of poison hits you but does no damage.
You are poisoned.
Unknown command.
You feel yourself speed up.
You feel sick. Agnes barely misses you.
The naga sharpshooter is engulfed in freezing vapours.
Agnes hits you with a +4 spectral lajatang!!
* * * LOW HITPOINT WARNING * * *
Your body deteriorates!
You feel weakened.
The naga sharpshooter shoots an arrow.
The arrow hits you!!
You die...

.. .............. .. .
................ ..
............... ..§
..##.......... ....
#.##.......... .....##
##.............
#.§§i###..............
#§NN@................
#.§N#§................
....§
###........)......
.... #####...).).....
... ##....>..### ##
###...### #####


You could see Agnes, 2 naga sharpshooters and a naga ritualist.

Vanquished Creatures
  Rupert (Lair:3)
  A tentacled starspawn (Abyss:3)
  An Executioner (Abyss:3)
  Frances (Snake:2)
  A deep elf sorcerer (Elf:1)
  Aizul (Snake:1)
  An orc warlord (Orc:2)
  3 cacodemons (Abyss:3)
  A deep elf annihilator (Elf:1)
  A yaktaur captain (D:13)
  4 hydras
  2 rakshasas
  3 catoblepae
  3 anacondas (Snake:1)
  2 boulder beetles
  9 centaur warriors
  9 two-headed ogres
  5 tengu warriors
  A deep troll shaman (Lair:5)
  2 shock serpents
  7 naga warriors
  5 death yaks (Lair:5)
  2 naga sharpshooters (Snake:1)
  A thrashing horror (Abyss:3)
  Urug (Lair:3)
  3 orc high priests (Orc:2)
  Sonja (Lair:5)
  5 skeletal warriors (D:14)
  A skyshark (Lair:5)
  A salamander mystic (Snake:1)
  A spatial maelstrom (Abyss:3)
  A sea snake (Snake:1)
  An orb spider (Abyss:3)
  2 lindwurms
  Pikel (D:5)
  6 orc knights
  6 deep elf pyromancers
  2 deep elf zephyrmancers (Elf:1)
  2 mana vipers
  3 cyclopes
  14 elephants
  2 salamanders (Snake:1)
  3 manticores
  6 orc sorcerers (Orc:2)
  An oklob plant (Lair:3)
  An ugly thing (D:12)
  19 black mambas
  2 smoke demons (Abyss:3)
  5 naga magi (Snake:1)
  2 torpor snails (Lair:1)
  Maggie (D:8)
  A kobold demonologist (D:12)
  3 unseen horrors
  3 rime drakes
  Psyche (D:8)
  A rime drake (shapeshifter) (D:13)
  12 cane toads
  2 yaktaurs (D:13)
  6 komodo dragons
  2 tengu conjurers
  2 efreet
  An ancient zyme (Abyss:3)
  A troll (shapeshifter) (D:9)
  7 trolls
  2 polar bears (Lair:5)
  A raiju (Abyss:3)
  16 blink frogs
  9 dream sheep
  2 slime creatures (Abyss:3)
  A wraith (D:13)
  A ynoxinul (Abyss:3)
  6 large abominations (Abyss:3)
  2 vampires
  A shadow (D:12)
  3 wyverns
  78 yaks
  2 neqoxecs (Abyss:3)
  2 steam dragons
  4 vampire mosquitoes
  7 basilisks
  4 wargs (Orc:2)
  6 small abominations (Abyss:3)
  4 swamp worms
  4 acid dragons
  9 spatial vortices (Abyss:3)
  10 nagas
  14 water moccasins
  51 orc warriors
  A black bear (Lair:5)
  10 ogres
  22 wolves
  12 centaurs
  3 phantoms
  5 kobold brigands
  A gnoll sergeant (D:8)
  6 bullfrogs
  2 scorpions
  4 wights (D:9)
  16 killer bees
  7 electric eels
  4 howler monkeys
  2 jellies
  29 orc priests
  2 gnoll boudas (D:8)
  A hound (D:5)
  An iguana (D:7)
  Ijyb (D:4)
  22 orc wizards
  Natasha (thrice) (D:4)
  10 gnolls
  14 adders
  A river rat (Sewer)
  A shadow imp (D:7)
  A white imp (D:5)
  3 ufetubi
  6 worms
  A dart slug (D:3)
  140 orcs
  3 ball pythons
  10 bats
  6 endoplasms
  2 giant cockroaches
  5 goblins
  5 hobgoblins
  6 jackals
  4 frilled lizards
  36 kobolds
  14 rats
  2 lurking horrors (Abyss:3)
  A starspawn tentacle (Abyss:3)
866 creatures vanquished.

Vanquished Creatures (collateral kills)
  An orc high priest (Orc:2)
  4 orc warriors (Orc:2)
  3 orc priests
  A gnoll (D:5)
  An ufetubus (D:5)
  2 orcs (Orc:2)
12 creatures vanquished.

Vanquished Creatures (others)
  A salamander tyrant (Snake:1)
  A yak (Lair:4)
  An orc warrior (Orc:2)
  2 orc priests
  An orc (Orc:2)
  3 starspawn tentacles (Abyss:3)
9 creatures vanquished.

Grand Total: 887 creatures vanquished

Notes
Turn   | Place    | Note
-------+----------+-------------------------------------------
     0 | D:1      | hikkokomori the Demigod Gladiator began the quest for the
                  | Orb.
     0 | D:1      | Reached XP level 1. HP: 17/17 MP: 3/3
   378 | D:1      | Reached skill level 2 in Fighting
   387 | D:1      | Reached XP level 2. HP: 19/24 MP: 4/4
   714 | D:2      | Reached skill level 1 in Stealth
   847 | D:2      | Reached XP level 3. HP: 29/29 MP: 5/5
  1715 | D:3      | Reached XP level 4. HP: 37/37 MP: 6/6
  1970 | D:4      | Noticed Natasha
  1971 | D:4      | Noticed Ijyb
  1977 | D:4      | Killed Natasha
  1981 | D:4      | Killed Ijyb
  2107 | D:4      | Noticed Natasha
  2111 | D:4      | Killed Natasha
  2112 | D:4      | Reached XP level 5. HP: 30/44 MP: 7/7
  2224 | D:4      | Reached skill level 3 in Fighting
  2267 | D:4      | Noticed Natasha
  2272 | D:4      | Killed Natasha
  2427 | D:4      | Found a staircase to the Ecumenical Temple.
  2478 | D:4      | Reached skill level 1 in Evocations
  2494 | D:4      | Reached XP level 6. HP: 10/51 MP: 8/8
  3125 | D:5      | Entered Level 5 of the Dungeon
  3306 | D:5      | Found a glowing drain.
  3346 | D:5      | Noticed Pikel
  3383 | D:5      | Killed Pikel
  3384 | D:5      | Reached skill level 4 in Fighting
  3384 | D:5      | Reached XP level 7. HP: 23/59 MP: 9/9
  3433 | Sewer    | Entered a sewer
  4189 | D:5      | Reached skill level 5 in Long Blades
  4189 | D:5      | Reached XP level 8. HP: 62/67 MP: 10/10
  4915 | D:6      | Reached skill level 5 in Dodging
  5779 | D:6      | Reached skill level 5 in Fighting
  6310 | D:7      | Reached XP level 9. HP: 55/75 MP: 11/11
  6334 | D:7      | Learned a level 2 spell: Wereblood
  6379 | D:7      | Identified the staff of cold "Imadya" {rC+ rN+ Will+ Str+4
                  | Int-3}
  6625 | D:7      | Got Kikubaaqudgha's Parchment of Bodies
  7179 | D:8      | Reached skill level 5 in Evocations
  7414 | D:7      | Reached skill level 6 in Fighting
  7414 | D:7      | Reached skill level 1 in Spellcasting
  7414 | D:7      | Reached skill level 1 in Transmutations
  7649 | D:8      | Noticed an unseen horror
  7656 | D:8      | Killed an unseen horror
  7668 | D:8      | Noticed Psyche
  7678 | D:8      | Killed Psyche
  8424 | D:8      | Found a staircase to the Lair.
  8425 | D:8      | Noticed a komodo dragon
  8633 | D:9      | Reached XP level 10. HP: 74/84 MP: 17/17
  8812 | D:9      | Found a large runed translucent door.
  8812 | D:9      | Found a large runed translucent door.
  9046 | D:9      | Found a large runed translucent door.
  9046 | D:9      | Found a large runed translucent door.
  9048 | D:9      | Noticed a rakshasa
  9087 | D:9      | Reached skill level 1 in Armour
  9232 | D:9      | Noticed a two-headed ogre
  9811 | D:9      | Reached skill level 7 in Fighting
  9814 | D:9      | Noticed a manticore
 10014 | D:9      | Noticed a two-headed ogre
 10019 | D:9      | Killed a two-headed ogre
 10153 | D:9      | Identified the +7 plate armour of the Devil {Regen+ Slay+3}
 10211 | D:9      | Identified the +9 rapier of Ziylirch {heavy, rPois Str+2
                  | Dex+2 Stlth-}
 10351 | D:9      | Killed a manticore
 10701 | D:8      | Noticed Maggie
 10706 | D:8      | Killed Maggie
 10747 | D:8      | Reached skill level 1 in Short Blades
 10944 | Lair:1   | Entered Level 1 of the Lair of Beasts
 10959 | Lair:1   | Reached XP level 11. HP: 82/92 MP: 20/20
 11477 | Lair:1   | Reached skill level 5 in Transmutations
 11514 | Lair:1   | Reached skill level 8 in Fighting
 11756 | Lair:1   | Reached skill level 5 in Spellcasting
 11955 | D:10     | Entered Level 10 of the Dungeon
 12114 | D:10     | Noticed an orc knight
 12123 | D:10     | Killed an orc knight
 12282 | D:10     | Noticed a centaur warrior
 12311 | D:10     | Noticed a centaur warrior
 12319 | D:10     | Killed a centaur warrior
 12809 | D:10     | Noticed a centaur warrior
 12814 | D:10     | Killed a centaur warrior
 12817 | D:10     | Killed a centaur warrior
 12818 | D:10     | Reached skill level 5 in Armour
 12818 | D:10     | Reached XP level 12. HP: 62/103 MP: 23/23
 12865 | D:10     | Noticed a centaur warrior
 12865 | D:10     | Noticed a four-headed hydra
 12883 | D:10     | Killed a centaur warrior
 12890 | D:10     | Killed a one-headed hydra
 12890 | D:10     | Noticed a centaur warrior
 12903 | D:10     | Killed a centaur warrior
 12911 | D:10     | Identified the +7 hand axe of Viongikh {holy, rElec rN+}
 12911 | D:10     | Noticed a centaur warrior
 12918 | D:10     | Killed a centaur warrior
 13066 | D:10     | Identified the staff of death "Caclitae" {rElec rN+ Will-
                  | Str+2 Stlth+}
 13070 | D:10     | Identified the +0 chain mail of the Swamp {Will+ Regen+}
 13096 | D:10     | Found a runed translucent door.
 13230 | D:10     | Reached skill level 9 in Fighting
 13230 | D:10     | Reached skill level 5 in Short Blades
 13625 | D:11     | Found Qeawicef's Armour Boutique.
 13630 | D:11     | Bought a +2 pair of boots of stealth for 258 gold pieces
 13630 | D:11     | Bought a +0 pair of gloves for 54 gold pieces
 14176 | D:12     | Found a staircase to the Orcish Mines.
 15182 | Lair:2   | Found the ring of Shadows {Umbra +Inv Stlth+}
 15906 | Lair:3   | Noticed a boulder beetle
 16051 | Lair:3   | Noticed Rupert
 16145 | Lair:3   | Found a staircase to the Swamp.
 16236 | Lair:3   | Noticed a catoblepas
 16263 | Lair:3   | Identified the +1 leather armour "Nahum" {rC+}
 16292 | Lair:3   | Found a staircase to the Snake Pit.
 16298 | Lair:3   | Reached XP level 13. HP: 98/112 MP: 24/24
 16622 | Lair:3   | Killed Rupert
 16749 | Lair:3   | Noticed Urug
 16757 | Lair:3   | Killed Urug
 17321 | Lair:4   | Reached skill level 10 in Fighting
 18058 | Lair:5   | Entered Level 5 of the Lair of Beasts
 18810 | Lair:5   | Reached XP level 14. HP: 118/122 MP: 25/25
 18979 | Lair:5   | Noticed Sonja
 19091 | Lair:5   | Killed Sonja
 19133 | Lair:5   | Found a staircase to the Slime Pits.
 19527 | Lair:5   | Reached skill level 10 in Short Blades
 19780 | Lair:5   | Identified the ring of Gularchue {Ice Str+4}
 20120 | D:13     | Reached skill level 1 in Necromancy
 20190 | D:13     | Found a gate to the Vaults.
 20637 | D:13     | Identified the +6 scale mail of the Morning {rN+}
 21017 | D:14     | Reached skill level 5 in Stealth
 21050 | D:14     | Identified the +2 robe "Irub" {rF- MP+9 Str+5}
 21380 | D:14     | Reached skill level 1 in Shields
 21949 | D:9      | Identified the +1 helmet "Heofouli" {Int-2 Dex+3 SInv}
 22168 | Snake:1  | Entered Level 1 of the Snake Pit
 22360 | Snake:1  | Reached skill level 11 in Fighting
 22513 | Snake:1  | Noticed Aizul
 22541 | Snake:1  | Killed Aizul
 23015 | Snake:1  | Reached XP level 15. HP: 129/129 MP: 27/27
 24419 | Orc:1    | Entered Level 1 of the Orcish Mines
 24713 | Orc:2    | Entered Level 2 of the Orcish Mines
 25164 | Orc:2    | Reached skill level 10 in Evocations
 25321 | Orc:2    | Found Riathaat's Book Emporium.
 25613 | Orc:2    | Found Xisil's Distillery.
 25721 | Orc:2    | Bought a potion of enlightenment for 55 gold pieces
 25721 | Orc:2    | Bought a potion of curing for 33 gold pieces
 25721 | Orc:2    | Bought a potion of haste for 110 gold pieces
 25721 | Orc:2    | Bought a potion of ambrosia for 88 gold pieces
 25721 | Orc:2    | Bought 2 potions of magic for 176 gold pieces
 26157 | Orc:2    | Found a staircase to the Elven Halls.
 26383 | Orc:2    | Found Zuta's Book Shoppe.
 26592 | Orc:2    | Found Vothram's Book Boutique.
 26932 | Orc:2    | Bought Maxwell's Memoranda for 456 gold pieces
 27013 | Elf:1    | Entered Level 1 of the Elven Halls
 27013 | Elf:1    | Found a runed translucent gate.
 27013 | Elf:1    | Found a runed translucent gate.
 27013 | Elf:1    | Found a runed translucent gate.
 27013 | Elf:1    | Found a runed translucent gate.
 27013 | Elf:1    | Found a runed translucent gate.
 27013 | Elf:1    | Found a runed translucent gate.
 27014 | Elf:1    | Found a runed translucent door.
 27028 | Abyss:3  | Cast into level 3 of the Abyss (a deep elf sorcerer)
 27164 | Abyss:3  | Gained mutation: You are weak. (Str -2) [a neqoxec]
 27290 | Abyss:3  | Reached skill level 5 in Shields
 27394 | Abyss:3  | Noticed a tentacled starspawn
 27420 | Abyss:3  | Killed a tentacled starspawn
 27436 | Abyss:3  | Reached skill level 12 in Fighting
 27436 | Abyss:3  | Noticed an Executioner
 27444 | Abyss:3  | Killed an Executioner
 27449 | Abyss:3  | Gained mutation: Your body sometimes deteriorates upon
                  | taking damage. [a cacodemon]
 27582 | Elf:1    | Escaped the Abyss
 27598 | Elf:1    | Found a runed translucent door.
 28164 | Snake:2  | Noticed Frances
 28174 | Snake:2  | Killed Frances
 28229 | Snake:2  | Reached XP level 16. HP: 79/139 MP: 25/28
 28393 | Snake:2  | Noticed Agnes
 28399 | Snake:2  | HP: 2/139 [Agnes/+4 spectral lajatang (21)]
 28399 | Snake:2  | Shot with an arrow by a naga sharpshooter

Illustrated notes

Levels and vault maps discovered:
D:1:      eino_arrival_water_cross, layout_loops_ring,
          shapermc_ecumenical_altar_notcrosses, minmay_misc_feat_rugged
D:2:      layout_rooms, kennysheep_potato
D:3:      minmay_chambers_of_twos, layout_basic
D:4:      layout_basic, minmay_temple_entry_drinking_statues, uniq_ijyb,
          uniq_natasha
D:5:      layout_basic, cheibrodos_sewer_entry_sluice, uniq_pikel
D:6:      layout_loops_ring, serial_bayou, serial_bayou_pond_b,
          serial_bayou_pond_c, serial_bayou_pond_d, serial_bayou_pond_d
D:7:      wander_river, layout_gridville, grunt_temple_overflow_magic_moments,
          hangedman_decor_peaks_small, minmay_chambers_of_fives
D:8:      layout_loops_ring, lemuel_crystal_altar, grunt_temple_overflow_open,
          david_lair_shrubbed, special_room [special_room_orc],
          kennysheep_generic_room_10, uniq_psyche, uniq_maggie
D:9:      layout_basic, amcnicky_altar_gilded, mainiacjoe_overflow_brackets,
          chequers_serial_rivers_micro_a, minmay_hollow_rounded_squares
D:10:     minmay_the_grid_triangle_9x9_rhombus_thin_mashed
          [minmay_the_grid_triangle_9x9_subtriangle,
          minmay_the_grid_triangle_9x9_prize_center,
          minmay_the_grid_triangle_9x9_odd_lines,
          minmay_the_grid_triangle_9x9_semitri], layout_basic,
          pdpol_temple_overflow_zin_treasury_gozag_greed, minmay_misc_feat_rows
D:11:     layout_loops_ring, serial_shops, shop
D:12:     layout_irregular_city, hiddenorc2_lemuel
D:13:     layout_roguey, david_vaults_2
D:14:     layout_gridville, kennysheep_another_room
Lair:1:   layout_hall_layers, serial_bayou_pond_d
Lair:2:   layout_cave_pods, serial_bayou_shore_a, infiniplex_staircase_pool
Lair:3:   layout_gridlike, swamp_mist_pool, nicolae_snake_entry_squirm,
          worms_lemuel, uniq_urug, uniq_rupert
Lair:4:   layout_concentric_octagons, grunt_megastairs_2
Lair:5:   grunt_lair_end_beastmaster, layout_hall_layers, slime_entry_1,
          lemuel_fruit_fields, uniq_sonja
Snake:1:  layout_basic, serial_bayou_pond_b, nicolae_snake_omega, uniq_aizul
Snake:2:  layout_grid_shapes, uniq_frances, uniq_agnes
Orc:1:    layout_diamond_mine
Orc:2:    pubby_orc_utopia, serial_shops
Elf:1:    nicolae_elf_arrival_dilemma, layout_gridlike, minmay_elf_demonology,
          lemuel_upstairs_altar

Skill      XL: |  1  2  3  4  5  6  7  8  9 10 11 12 13 14 15 |
---------------+----------------------------------------------+-----
Fighting       | 2 3 4 5 6 7 8 9 10 11 12 | 12.2
Long Blades    | 3 4 5 6 7 8 9 |  9.6
Dodging        | 3 4 6 7 8 |  8.6
Stealth        | 1 2 3 4 6 8 |  8.5
Evocations     | 1 2 3 4 5 6 7 8 9 10 | 10.8
Spellcasting   | 2 4 5 |  5.2
Transmutations | 2 4 5 6 7 |  7.4
Armour         | 2 5 6 7 8 |  8.0
Short Blades   | 1 4 6 8 10 11 | 11.2
Throwing       | 3 4 |  4.0
Necromancy     | 3 |  3.2
Shields        | 2 5 |  5.6

Action                     |  1- 3 |  4- 6 |  7- 9 | 10-12 | 13-15 | 16-18 || total
---------------------------+-------+-------+-------+-------+-------+-------++-------
  Melee: Long sword        |   138 |   174 |   408 |   120 |       |       ||   840
         Punch             |     2 |     2 |     2 |     1 |    22 |       ||    29
         Unarmed           |       |       |     1 |       |       |       ||     1
         Rapier            |       |       |       |   507 |  1166 |    27 ||  1700
         Short sword       |       |       |       |   108 |   731 |     4 ||   843
         Scimitar          |       |       |       |    24 |       |       ||    24
  Throw: Dart              |       |       |       |     1 |     3 |       ||     4
         Javelin           |       |       |       |     1 |     4 |       ||     5
         Throwing net      |       |       |       |       |     2 |       ||     2
   Cast: Wereblood         |       |       |       |       |     8 |     1 ||     9
Ability: Evoke Invisibilit |       |       |       |       |     7 |       ||     7
  Evoke: Wand              |       |     6 |    21 |    29 |    34 |       ||    90
         Condenser vane    |       |       |       |       |     1 |     1 ||     2
    Use: Scroll            |       |     1 |    18 |    10 |     2 |       ||    31
         Potion            |       |       |       |     3 |    22 |     2 ||    27
   Stab: Sleeping          |     2 |     1 |     3 |       |    42 |       ||    48
         Invisible         |       |       |       |       |    48 |       ||    48
         Petrified         |       |       |       |       |     1 |       ||     1
         Distracted        |       |       |       |       |     2 |       ||     2
         Paralysed         |       |       |       |       |     1 |       ||     1
 Armour: Leather armour    |    17 |       |       |       |       |       ||    17
         Scale mail        |    58 |    64 |   201 |    49 |   255 |    20 ||   647
         Plate armour      |       |       |       |   550 |   756 |       ||  1306
  Dodge: Dodged            |    83 |    98 |   391 |   754 |  1500 |    40 ||  2866
  Block: Buckler           |       |       |       |       |   279 |    24 ||   303

Table legend: (Time is in decaauts)
 A = Elapsed time spent in this place.
 B = Non-inter-level travel time spent in this place.
 C = Inter-level travel time spent in this place.
 D = Time resting spent in this place.
 E = Time spent auto-exploring this place.
 F = Levels seen in this place.
 G = Mean time per level.
                   A        B        C        D        E       F      G
               +--------+--------+--------+--------+--------+-----+--------+
         Total |  28534 |  26698 |   1836 |   2511 |  17073 |  26 | 1097.5 |
       Dungeon |  16052 |  14911 |   1141 |   1388 |  10149 |  14 | 1146.6 |
          Lair |   6008 |   5556 |    452 |    477 |   3082 |   5 | 1201.6 |
     Snake Pit |   2375 |   2358 |     17 |    309 |   1580 |   2 | 1187.5 |
  Orcish Mines |   2640 |   2415 |    225 |      0 |   1824 |   2 | 1320.0 |
   Elven Halls |    233 |    233 |      0 |    187 |      0 |   1 |  233.0 |
         Abyss |    523 |    523 |      0 |    120 |      0 |   1 |  523.0 |
         Sewer |    701 |    701 |      0 |     29 |    438 |   1 |  701.0 |
               +--------+--------+--------+--------+--------+-----+--------+

Top non-repeatable levels by time:
   Orc:2: 2334 daAuts
     D:9: 2316 daAuts
 Snake:1: 2058 daAuts
     D:7: 1745 daAuts
    D:10: 1574 daAuts
     D:8: 1399 daAuts
  Lair:5: 1395 daAuts
  Lair:3: 1345 daAuts
     D:6: 1236 daAuts
  Lair:2: 1230 daAuts
     D:4: 1199 daAuts
     D:5: 1112 daAuts
    D:12: 1107 daAuts
  Lair:1: 1071 daAuts
  Lair:4: 965 daAuts
